 Dungeon Crawl Stone Soup version 0.25.1-2-g60ff931df9 (webtiles) character file.

Game seed: 13355682030282412835

403 Asdor the Poker (level 6, -3/43 HPs)
             Began as a Demonspawn Abyssal Knight on Aug 13, 2020.
             Was a Priest of Lugonu.
             Splashed by a jelly's acid (7 damage)
             ... on level 5 of the Dungeon.
             The game lasted 00:15:20 (4436 turns).

Asdor the Poker (Demonspawn Abyssal Knight)         Turns: 4436, Time: 00:15:26

Health: -3/43      AC: -4    Str: 14    XL:     6   Next: 55%
Magic:  7/7        EV: 12    Int: 14    God:    Lugonu [***...]
Gold:   226        SH:  0    Dex: 12    Spells: 5/5 levels left

rFire    . . .     SeeInvis .   o - +0 halberd
rCold    . . .     Gourm    .   (shield currently unavailable)
rNeg     . . .     Faith    .   b - +0 leather armour
rPois    .         Spirit   .   (helmet restricted)
rElec    .         Reflect  .   (no cloak)
rCorr    .         Harm     .   (no gloves)
MR       .....                  (no boots)
Stlth    +.........             d - amulet of regeneration
HPRegen  0.54/turn              l - ring of wizardry
MPRegen  0.10/turn              (no ring)

@: corroded
A: horns 1, frail 1, powered by pain 2
a: Depart the Abyss, Bend Space, Banish, Renounce Religion


You were on level 5 of the Dungeon.
You worshipped Lugonu.
Lugonu was most pleased with you.
You were hungry.

You visited 1 branch of the dungeon, and saw 5 of its levels.
You visited the Abyss 1 time.
You also visited: Sewer.

You collected 226 gold pieces.

Inventory:

Hand Weapons
 a - a +1 spear
 e - a +0 trident
 o - a +0 halberd (weapon)
Missiles
 p - 6 javelins (quivered)
Armour
 b - a +0 leather armour (worn)
Jewellery
 d - an amulet of regeneration (around neck)
 l - a ring of wizardry (left hand)
 x - a cursed +6 ring of intelligence {unknown}
Wands
 f - a wand of iceblast (10)
 y - a wand of paralysis (6)
Scrolls
 h - a scroll of enchant armour {unknown}
 k - a scroll of remove curse
 q - a scroll of acquirement
 r - a scroll of amnesia {unknown}
 s - a scroll of teleportation {unknown}
 t - a scroll of fear {unknown}
 A - a scroll of immolation {unknown}
 B - a scroll of fog {unknown}
Potions
 g - a potion of magic
 i - a potion of stabbing
 j - 2 potions of haste
 m - a potion of might {unknown}
 n - a potion of cancellation
 v - a potion of brilliance {unknown}
 w - a potion of flight {unknown}
Comestibles
 c - 9 rations


   Skills:
 + Level 4.1 Fighting
 * Level 4.2 Polearms
 + Level 3.3 Armour
 + Level 2.7 Dodging
 - Level 2.5 Invocations


You had 5 spell levels left.
You didn't know any spells.
Your spell library contained the following spells:

 Spells                   Type           Power        Failure   Level  Hunger
 Beastly Appendage        Tmut           #.....       14%         1    ##.....
 Magic Dart               Conj           #...         14%         1    ##.....
 Blink                    Tloc           N/A          21%         2    ###....
 Call Imp                 Summ           #.......     21%         2    ###....
 Slow                     Hex            #.......     21%         2    ###....
 Sticks to Snakes         Tmut           #.......     21%         2    ###....
 Conjure Flame            Conj/Fire      #.......     38%         3    ####...
 Mephitic Cloud           Conj/Pois/Air  #.......     38%         3    ####...
 Spider Form              Tmut/Pois      #.........   38%         3    ####...
 Ice Form                 Ice/Tmut       #.......     77%         4    #####..
 Blade Hands              Tmut           #.........   98%         5    ######.


Dungeon Overview and Level Annotations

Branches:
Dungeon (5/15)              Sewer (visited)
 Temple: D:4-7

Altars:
Ashenzari
Elyvilon
Fedhas
Gozag
Kikubaaqudgha
Makhleb
Nemelex Xobeh
Ru
Sif Muna
Xom
Zin


Innate Abilities, Weirdness & Mutations

You have a pair of small horns on your head.
You sometimes gain power by taking damage.
You are frail. (-10% HP)


Message History

You puncture the quokka!
You kill the quokka!
Lugonu accepts your kill.
You barely miss the jelly. The jelly hits you. The acid corrodes you!
You are splashed with acid!
You puncture the jelly!
Your hands burn!
The jelly is heavily wounded.
The jelly misses you. The jelly hits you.
You are splashed with acid!
You hit the jelly but do no damage.
Your hands burn!
The jelly is heavily wounded.
The jelly hits you. The acid corrodes you!
You are splashed with acid!
* * * LOW HITPOINT WARNING * * *
You hit the jelly.
Your hands burn!
* * * LOW HITPOINT WARNING * * *
You headbutt the jelly.
The jelly is severely wounded.
The jelly hits you.
* * * LOW HITPOINT WARNING * * *
You are splashed with acid!
You die...

****##**### **,*,#.#,#.#*
*,,,,,......* **,#.#.#.#.##
*,,......J..# **
**,*,*,*,#@#* ************,
*,,.........#**,,,,,,,,,,,,
***,#.#.#.#.#..,,***********
*,,,,,,.......##**
*,*,*,#.#,#.#,#*****
*,,,,...,,...,,,,,,**
*,*,#.#,*,#.#*****,,***
*,,,##****### **,,,** *,***
***,,**


You could see a jelly.

Vanquished Creatures
  A crocodile (Sewer)
  A scorpion (D:4)
  Robin (D:3)
  5 gnolls
  10 adders
  An ooze (D:1)
  2 dart slugs (D:1)
  5 worms
  4 orcs
  A ball python (D:3)
  2 giant cockroaches
  21 goblins
  9 hobgoblins
  6 jackals
  3 quokkas
  10 bats
  7 frilled lizards
  10 kobolds
  5 rats
104 creatures vanquished.

Notes
Turn   | Place    | Note
-------+----------+-------------------------------------------
     0 | Abyss:1  | Asdor the Demonspawn Abyssal Knight began the quest for the
                  | Orb.
     0 | Abyss:1  | Reached XP level 1. HP: 18/18 MP: 2/2
    22 | Abyss:2  | Found a corrupted altar of Lugonu.
    85 | Abyss:2  | Noticed a neqoxec
    86 | Abyss:2  | Gained mutation: You are frail. (-10% HP) [a neqoxec]
    93 | Abyss:2  | Noticed a smoke demon
   100 | D:1      | Escaped the Abyss
   188 | D:1      | Reached skill level 1 in Dodging
   188 | D:1      | Gained mutation: You sometimes gain a little power by
                  | taking damage. [demonic ancestry]
   188 | D:1      | Reached XP level 2. HP: 7/21 MP: 3/3
   458 | D:1      | Reached * piety under Lugonu
   635 | D:1      | HP: 1/21 [kobold/cursed +0 whip (4)]
   640 | D:1      | Gained mutation: You sometimes gain power by taking damage.
                  | [demonic ancestry]
   640 | D:1      | Reached XP level 3. HP: 1/26 MP: 4/4
  1250 | D:2      | Found a burning altar of Makhleb.
  1297 | D:2      | Reached XP level 4. HP: 18/31 MP: 5/5
  1764 | D:2      | Reached ** piety under Lugonu
  1783 | D:2      | Reached XP level 5. HP: 6/37 MP: 6/6
  2172 | D:3      | Found a shimmering blue altar of Sif Muna.
  2191 | D:3      | Found a blossoming altar of Fedhas.
  2191 | D:3      | Found a shimmering altar of Xom.
  2191 | D:3      | Found a sparkling altar of Nemelex Xobeh.
  2191 | D:3      | Found an ancient bone altar of Kikubaaqudgha.
  2191 | D:3      | Found a white marble altar of Elyvilon.
  2372 | D:3      | Found a glowing drain.
  2384 | Sewer    | Entered a sewer
  2426 | Sewer    | Noticed a crocodile
  2438 | Sewer    | Killed a crocodile
  2438 | Sewer    | Gained mutation: You have a pair of small horns on your
                  | head. [demonic ancestry]
  2438 | Sewer    | Reached XP level 6. HP: 22/43 MP: 7/7
  2622 | D:3      | Found a sacrificial altar of Ru.
  2629 | D:3      | Found a shattered altar of Ashenzari.
  2629 | D:3      | Found a glowing silver altar of Zin.
  2630 | D:3      | Found an opulent altar of Gozag.
  2969 | D:3      | Identified a scroll of acquirement
  3270 | D:3      | Noticed Robin
  3279 | D:3      | Reached *** piety under Lugonu
  3285 | D:3      | Killed Robin
  4428 | D:5      | Entered Level 5 of the Dungeon
  4436 | D:5      | Splashed by a jelly's acid

Illustrated notes

Levels and vault maps discovered:
D:1:      minmay_arrival_diagonal_passages, layout_basic
D:2:      layout_loops_ring, lemuel_round_altar
D:3:      kennysheep_goblin_castle, layout_basic,
          nicolae_overflow_crystal_walls, grunt_temple_overflow_open,
          minitemple, first_ration, portal_sewer_entry_b
D:4:      layout_basic, grunt_ministairs_15, kennysheep_flooded_box
D:5:      layout_rooms, enter_ossuary_2, st_stairs_10,
          small_statue_intersection, uniq_pikel

Skill      XL: |  1  2  3  4  5  6 |
---------------+-------------------+-----
Armour         | 2 3 |  3.3
Polearms       | 2 3 4 |  4.2
Dodging        | 1 2 |  2.7
Fighting       | 4 |  4.1
Invocations    | |  2.5

Action                   |  1- 3 |  4- 6 || total
-------------------------+-------+-------++-------
Melee: Trident           |   166 |    70 ||   236
       Halberd           |       |   173 ||   173
       Headbutt          |       |    11 ||    11
Invok: Depart the Abyss  |     1 |       ||     1
Evoke: Wand              |       |     2 ||     2
  Use: Potion            |     2 |     2 ||     4
       Scroll            |       |     8 ||     8
 Stab: Sleeping          |       |     2 ||     2
       Distracted        |       |     1 ||     1
  Eat: Chunk             |     1 |    10 ||    11
Armor: Leather armour    |    40 |    77 ||   117
       Skin              |       |    60 ||    60
Dodge: Dodged            |   121 |   192 ||   313
